 Dungeon Crawl Stone Soup version 0.28-b1-1-g3c77fb2ed1 (webtiles) character file.

Game seed: 17459915531604875298

168 crazypyro the Twirler (level 5, -7/41 HPs)
             Began as a Gnoll Wanderer on Jan 29, 2022.
             Killed from afar by Ijyb (14 damage)
             ... with a bolt of acid
             ... on level 3 of the Dungeon.
             The game lasted 00:03:52 (2096 turns).

crazypyro the Twirler (Gnoll Wanderer)              Turns: 2096, Time: 00:03:52

Health: -7/41      AC: 10    Str: 12    XL:     5   Next: 49%
Magic:  7/7        EV:  5    Int: 14    God:
Gold:   43         SH:  0    Dex: 10    Spells: 7/7 levels left

rFire   . . .      SeeInvis .   t - +2 quarterstaff (chaos)
rCold   . . .      Faith    .   (shield currently unavailable)
rNeg    . . .      Spirit   .   k - +0 chain mail
rPois   .          Reflect  .   (no helmet)
rElec   .          Harm     .   u - +0 cloak
rCorr   .          Rampage  .   (no gloves)
Will    .....                   (no boots)
Stlth   ..........              (no amulet)
HPRegen 0.13/turn               (no ring)
MPRegen 0.10/turn               (no ring)

@: no status effects
A: fangs 1, strong nose, distributed training
a: no special abilities


You were on level 3 of the Dungeon.
You visited 1 branch of the dungeon, and saw 3 of its levels.

You collected 43 gold pieces.

Inventory:

Hand Weapons
 a - a +2 quarterstaff
 d - a +0 dagger
 t - a +2 quarterstaff of chaos (weapon)
Missiles
 c - 6 boomerangs (quivered)
 i - 5 javelins
Armour
 e - a +0 robe
 k - a +0 chain mail (worn)
 u - a +0 cloak (worn)
Wands
 s - a wand of digging (1)
Scrolls
 f - 3 scrolls of identify {unknown}
 h - a scroll of summoning {unknown}
 j - 2 scrolls of fog {unknown}
 n - a scroll of noise {unknown}
 o - a scroll of silence {unknown}
Potions
 b - a potion of lignification
 g - a potion of attraction {unknown}
 l - 2 potions of heal wounds {unknown}
 m - a potion of berserk rage {unknown}
 p - a potion of flight {unknown}
 q - a potion of degeneration {unknown}
 r - a potion of ambrosia {unknown}


   Skills:
 + Level 3.0 Fighting
 + Level 1.5 Short Blades
 + Level 1.5 Long Blades
 + Level 1.5 Axes
 + Level 1.5 Maces & Flails
 + Level 1.5 Polearms
 + Level 6.7 Staves
 + Level 1.5 Slings
 + Level 1.5 Bows
 + Level 1.5 Crossbows
 + Level 4.8 Throwing
 + Level 3.0 Armour
 + Level 1.5 Dodging
 + Level 1.5 Stealth
 + Level 1.5 Shields
 + Level 4.8 Unarmed Combat
 + Level 1.5 Spellcasting
 + Level 1.2 Conjurations
 + Level 1.2 Hexes
 + Level 1.2 Summonings
 + Level 1.2 Necromancy
 + Level 1.2 Translocations
 + Level 1.2 Transmutations
 + Level 1.2 Fire Magic
 + Level 1.2 Ice Magic
 + Level 1.2 Air Magic
 + Level 1.2 Earth Magic
 + Level 1.2 Poison Magic
 + Level 1.7 Invocations
 + Level 3.0 Evocations


You had 7 spell levels left.
You didn't know any spells.
Your spell library contained the following spells:

 Spells                   Type           Power      Damage    Failure   Level
 Static Discharge         Conj/Air       4%         N/A       100%        2
 Dispel Undead            Necr           4%         3d7       100%        4
 Sticky Flame             Conj/Fire      4%         2d3       100%        4


Dungeon Overview and Level Annotations

Branches:
Dungeon (3/15)

Altars:

Annotations:
D:3 1 transporter, Ijyb


Innate Abilities, Weirdness & Mutations

You have very sharp teeth.
Your uncanny sense of smell can sniff out nearby items.
Your experience applies equally to all skills.


Message History

No target in view!
No target in view!
No target in view!
A frilled lizard comes into view.
You hear a zap.
A bolt of acid appears from out of thin air!
The bolt of acid hits you!!
Sigmund the Dreaded comes into view.
He is wielding a +0 scythe.
The frilled lizard hisses angrily.
You throw a boomerang. The boomerang hits Sigmund.
Sigmund is lightly wounded.
You throw a boomerang.
The boomerang hits Sigmund but does no damage.
Sigmund is lightly wounded.
Sigmund's eyes start glowing with a red light.
Sigmund hits you but does no damage. Sigmund hits you with a +0 scythe.
You completely miss Sigmund.
Sigmund is lightly wounded.
Sigmund hits you with a +0 scythe.
You barely miss Sigmund.
Sigmund is lightly wounded.
You hit Sigmund. You freeze Sigmund. Your bite misses Sigmund.
Sigmund is moderately wounded.
Sigmund hits you with a +0 scythe!
* * * LOW HITPOINT WARNING * * *
You sock Sigmund! You burn Sigmund. You bite Sigmund, but do no damage.
Sigmund is severely wounded.
You hit Sigmund.
Sigmund is poisoned.
Sigmund is almost dead.
Sigmund hits you but does no damage.
You hit Sigmund.
Sigmund suddenly seems more agile.
Sigmund is almost dead.
Sigmund hits you but does no damage.
You hit Sigmund.
You kill Sigmund!
You hear a zap.
A bolt of acid appears from out of thin air!
The bolt of acid hits you!
You die...

..' .. #.# #.# #.# #.# #)#
#.# #.# #.# #.# #.####
##############.#######.#...
.......l{)@...............#
........######.#######.#..#
......... #.##.......).#
......l... #.##...####..#
........... #.##...+.....#
##############'##...#####.#
#..........# #.#
#...........# #.#
#...........#####'#


You could see a frilled lizard.

Vanquished Creatures
  Sigmund (D:3)
  Crazy Yiuf (D:2)
  2 orc wizards (D:3)
  2 adders (D:2)
  A worm (D:2)
  3 dart slugs
  An orc (D:3)
  6 bats
  4 endoplasms
  3 giant cockroaches
  4 goblins
  7 hobgoblins
  2 jackals (D:2)
  3 quokkas (D:2)
  6 ball pythons
  5 frilled lizards
  8 kobolds
  4 rats
63 creatures vanquished.

Notes
Turn   | Place    | Note
-------+----------+-------------------------------------------
     0 | D:1      | crazypyro the Gnoll Wanderer began the quest for the Orb.
     0 | D:1      | crazypyro set off with the following items: a +2
                  | quarterstaff, a potion of lignification, 8 boomerangs, a +0
                  | dagger, a +0 robe
     0 | D:1      | Reached XP level 1. HP: 17/17 MP: 1/1
   123 | D:1      | Reached XP level 2. HP: 16/23 MP: 2/2
   347 | D:1      | Found a faded altar of an unknown god.
   594 | D:1      | Reached XP level 3. HP: 28/28 MP: 3/3
   918 | D:2      | Reached skill level 1 in Invocations
  1080 | D:2      | Reached skill level 1 in Short Blades
  1080 | D:2      | Reached skill level 1 in Long Blades
  1080 | D:2      | Reached skill level 1 in Axes
  1080 | D:2      | Reached skill level 1 in Maces & Flails
  1080 | D:2      | Reached skill level 1 in Polearms
  1080 | D:2      | Reached skill level 1 in Slings
  1080 | D:2      | Reached skill level 1 in Bows
  1080 | D:2      | Reached skill level 1 in Crossbows
  1080 | D:2      | Reached skill level 1 in Dodging
  1080 | D:2      | Reached skill level 1 in Stealth
  1080 | D:2      | Reached skill level 1 in Shields
  1080 | D:2      | Reached skill level 1 in Spellcasting
  1118 | D:2      | Reached XP level 4. HP: 34/34 MP: 5/5
  1599 | D:2      | Found a runed translucent door.
  1600 | D:2      | Noticed Crazy Yiuf
  1608 | D:2      | Killed Crazy Yiuf
  1609 | D:2      | Reached skill level 1 in Conjurations
  1609 | D:2      | Reached skill level 1 in Hexes
  1609 | D:2      | Reached skill level 1 in Summonings
  1609 | D:2      | Reached skill level 1 in Necromancy
  1609 | D:2      | Reached skill level 1 in Translocations
  1609 | D:2      | Reached skill level 1 in Transmutations
  1609 | D:2      | Reached skill level 1 in Fire Magic
  1609 | D:2      | Reached skill level 1 in Ice Magic
  1609 | D:2      | Reached skill level 1 in Air Magic
  1609 | D:2      | Reached skill level 1 in Earth Magic
  1609 | D:2      | Reached skill level 1 in Poison Magic
  1609 | D:2      | Reached XP level 5. HP: 18/40 MP: 6/6
  1864 | D:3      | Found a transporter.
  2080 | D:3      | Noticed Ijyb
  2081 | D:3      | Noticed Sigmund
  2096 | D:3      | Killed Sigmund
  2096 | D:3      | Killed from afar by Ijyb

Illustrated notes

Levels and vault maps discovered:
D:1:      dpeg_arrival_boxorama, layout_rooms, basic_ecumenical_altar
D:2:      layout_loops_ring, chequers_jeans, minmay_small_reverse_x,
          uniq_crazy_yiuf_cottage
D:3:      gammafunk_steamed_eel, layout_basic, uniq_terence, uniq_ijyb,
          uniq_robin, uniq_sigmund

Skill      XL: |  1  2  3  4  5 |
---------------+----------------+-----
Invocations    | 1 |  1.7
Short Blades   | 1 |  1.5
Long Blades    | 1 |  1.5
Axes           | 1 |  1.5
Maces & Flails | 1 |  1.5
Polearms       | 1 |  1.5
Slings         | 1 |  1.5
Bows           | 1 |  1.5
Crossbows      | 1 |  1.5
Dodging        | 1 |  1.5
Stealth        | 1 |  1.5
Shields        | 1 |  1.5
Spellcasting   | 1 |  1.5
Conjurations   | 1 |  1.2
Hexes          | 1 |  1.2
Summonings     | 1 |  1.2
Necromancy     | 1 |  1.2
Translocations | 1 |  1.2
Transmutations | 1 |  1.2
Fire Magic     | 1 |  1.2
Ice Magic      | 1 |  1.2
Air Magic      | 1 |  1.2
Earth Magic    | 1 |  1.2
Poison Magic   | 1 |  1.2
Fighting       | 3 |  3.0
Armour         | 3 |  3.0
Evocations     | 3 |  3.0
Staves         | |  6.7
Throwing       | |  4.8
Unarmed Combat | |  4.8

Action                   |  1- 3 |  4- 6 || total
-------------------------+-------+-------++-------
Melee: Quarterstaff      |    51 |    47 ||    98
       Bite              |     3 |     3 ||     6
Throw: Boomerang         |    45 |    22 ||    67
Armor: Robe              |     5 |       ||     5
       Chain mail        |    14 |    26 ||    40
Dodge: Dodged            |    22 |     8 ||    30
